 Dungeon Crawl Stone Soup version 0.27-a0-1529-g1e82c303ef (webtiles) character file.

Game seed: 16297520138848756620

19964 ipx the Jinx (level 12, -6/85 HPs)
             Began as a Vampire Ice Elementalist on July 11, 2021.
             Was a Believer of Ashenzari.
             Mangled by a sun demon (17 damage)
             ... summoned by an orc high priest
             ... on level 2 of the Orcish Mines.
             The game lasted 01:25:34 (4810 turns).

ipx the Jinx (Vampire Ice Elementalist)             Turns: 4810, Time: 01:25:35

Health: -6/85      AC:  7    Str: 10    XL:     12   Next: 41%
Magic:  9/21       EV: 20    Int: 20    God:    Ashenzari [**....]
Gold:   864        SH:  0    Dex: 14    Spells: 9/23 levels left

rFire    . . .     SeeInvis +   a - +1 long sword (vorpal)
rCold    . . .     Faith    .   (no shield)
rNeg     . . .     Spirit   .   z - +2 robe of Ashenzari's Black Moon {Archmagi, Comp, Bglg} (curse)
rPois    .         Reflect  .   (no helmet)
rElec    .         Harm     .   (no cloak)
rCorr    .         Rampage  .   (no gloves)
Will     +....     Archmagi +   i - +2 pair of boots "Prophetic Urgency" {Bglg, Comp} (curse)
Stlth    +++++.....             (no amulet)
HPRegen  0.44/turn              s - ring "Bound With Me" {Slay+4, Alch, Self} (curse)
MPRegen  0.17/turn              E - +4 ring of evasion

@: freezing walls, very slightly contaminated, healing quickly
A: alive, fangs 3, see invisible, vampiric 2
a: Exsanguinate, Renounce Religion, Curse Item, Shatter the Chains


You were on level 2 of the Orcish Mines.
You worshipped Ashenzari.
Ashenzari was pleased with you.
You visited 2 branches of the dungeon, and saw 15 of its levels.
You also visited: Ossuary.

You collected 1007 gold pieces.
You spent 143 gold pieces at shops.

Inventory:

Hand Weapons
 a - a +1 vorpal long sword (weapon)
 b - a +1 dagger of draining
 q - a +0 vampiric dagger
Missiles
 G - 2 throwing nets (quivered)
 I - 3 boomerangs of dispersal
Armour
 i - the cursed +2 pair of boots "Prophetic Urgency" (worn) {Bglg, Comp}
   (You found it on level 2 of the Dungeon)

   It has a curse which improves the following skills: Beguiling: Conjurations,
   Hexes and Translocations.
   Companions: Summonings and Necromancy.
 m - +0 pearl dragon scales
 z - the cursed +2 robe of Ashenzari's Black Moon (worn) {Archmagi, Comp, Bglg}
   (You took it off Psyche on level 8 of the Dungeon)

   It has a curse which improves the following skills: Companions: Summonings
   and Necromancy.
   Beguiling: Conjurations, Hexes and Translocations.
Magical Staves
 k - a staff of death
 H - a staff of cold
Jewellery
 c - the ring of Bavul {rC+ rN+ Int+6}
   (You found it on level 4 of the Dungeon)

   [ring of intelligence]

   Int:       It affects your intelligence (+6).
   rC:        It protects you from cold.
   rN:        It protects you from negative energy.
 d - a +6 ring of dexterity
 s - the cursed ring "Bound With Me" (left hand) {Slay+4, Alch, Self}
   (You found it on level 2 of the Dungeon)

   [ring of slaying]

   Slay:      It affects your accuracy & damage with ranged weapons and melee
   (+4).
   It has a curse which improves the following skills: Alchemy: Poison Magic and
   Transmutations.
   Introspection: Fighting and Spellcasting.
 E - a +4 ring of evasion (right hand)
 J - a ring of protection from cold
Wands
 y - a wand of paralysis (10)
Scrolls
 f - 2 scrolls of enchant weapon
 g - a scroll of torment
 l - 4 scrolls of amnesia
 o - 4 scrolls of fear
 p - 2 scrolls of teleportation
 v - a scroll of holy word
 B - a scroll of enchant armour
 D - a scroll of brand weapon
 F - a scroll of fog
 K - a scroll of vulnerability
Potions
 e - 2 potions of ambrosia
 h - 2 potions of magic
 j - 4 potions of curing
 n - 3 potions of haste
 r - 2 potions of might
 t - 2 potions of lignification
 u - 3 potions of brilliance
 x - a potion of invisibility
 A - a potion of mutation
 M - a potion of flight
 W - a potion of berserk rage
Miscellaneous
 L - a condenser vane (inert)


   Skills:
 - Level 3.5(4.9) Fighting
 - Level 5.6(8.9) Short Blades
 + Level 9.8(10.3) Long Blades
 - Level 10.0 Dodging
 - Level 12.0 Stealth
 - Level 4.6(6.0) Spellcasting
 - Level 13.4(15.3) Hexes
 - Level 2.2(4.0) Translocations
 - Level 7.0 Ice Magic


You had 9 spell levels left.
You knew the following spells:

 Your Spells              Type           Power      Damage    Failure   Level
a - Apportation           Tloc           66%        N/A       1%          1
f - Frozen Ramparts       Ice            100%       1d12      1%          3
o - Ozocubu's Armour      Ice            50%        N/A       1%          3
v - Invisibility          Hex            39%        N/A       3%          6
z - Freeze                Ice            100%       1d11      1%          1

Your spell library contained the following spells:

 Spells                   Type           Power      Damage    Failure   Level
 Hailstorm                Conj/Ice       30%        3d8       24%         4
 Alistair's Intoxication  Tmut/Pois      6%         N/A       95%         5


Dungeon Overview and Level Annotations

Branches:
Dungeon (13/15)            Temple (0/1) D:6            Lair (0/6) D:11
    Orc (2/2) D:12            Elf (0/3) Orc:2       Ossuary (visited)
 Vaults: D:13-14

Altars:
Ashenzari
Elyvilon
Hepliaklqana
Nemelex Xobeh
Sif Muna
Vehumet

Shops:
D:2 (   D:8 =

Annotations:
D:12 exclusion: ugly thing
D:13 Erolcha


Innate Abilities, Weirdness & Mutations

Your natural rate of healing is accelerated.
You have razor-sharp teeth.
You have supernaturally acute eyesight. (SInv)
You are afflicted with vampirism and can become a bat while bloodless.


Message History

The ogre is almost dead.
The wall freezes the orc. x2; The wall freezes the orc high priest.
The sun demon is frozen!
The wall freezes the sun demon!
The sun demon hits you!
You are engulfed in flames!
The orc shouts!
The heat melts your icy armour.
Press: ? - help, v - describe, . - travel
Here: a sun demon (lightly wounded, summoned)
The floor.
Unknown command.
Unknown command.
You feel much better.
You hear a shout! x2
The wall freezes the ogre!
You kill the ogre!
The wall freezes the orc high priest.
The sun demon is frozen!
The wall freezes the sun demon.
The sun demon completely misses you.
You riposte.
You barely miss the sun demon.
The sun demon is moderately wounded.
You hit the orc high priest.
The orc high priest is heavily wounded.
The wall freezes the orc.
You kill the orc!
The wall freezes the orc!
You kill the orc!
The wall freezes the orc high priest!
The orc high priest misses you.
The wall freezes the orc.
The sun demon is frozen!
The wall freezes the sun demon.
The sun demon hits you.
You are engulfed in flames!!
The heat melts your icy armour.
You closely miss the orc high priest.
The orc high priest is severely wounded.
The wall freezes the orc high priest.
The orc high priest hits you but does no damage.
The sun demon is frozen!
The wall freezes the sun demon!
The sun demon hits you!!
* * * LOW HITPOINT WARNING * * *
You are engulfed in flames!
Your icy armour melts away.
You die...

.....))##...##....#
........#'###.....##
......)............#
##.................#
*##...............#
#...(..........##
####.†).o......o..#
#8.#).)o.)o#..)#).##
...(.8.o.Oo...##@..#
...'...4o.....#o3)##
...'o8..o....).o..##
#8.#...............#
####...............#
#........#.#..#.##
#.......#........# *
.....####.#....##
....# #......##


You could see an orc high priest, a sun demon (summoned) and 2 orcs.

Vanquished Creatures
  An orc warlord (Orc:2)
  Nessos (D:12)
  A boulder beetle (D:12)
  A hydra (D:12)
  Harold (D:9)
  A two-headed ogre (D:8)
  An orc high priest (Orc:2)
  A deep elf pyromancer (D:13)
  3 orc knights
  4 orc sorcerers
  An ugly thing (D:12)
  A manticore (D:12)
  A cyclops (D:13)
  A kobold demonologist (D:13)
  Psyche (D:8)
  5 yaktaurs (D:13)
  A komodo dragon (D:12)
  2 trolls
  A shadow (D:9)
  2 wyverns (D:9)
  5 yaks (D:10)
  3 wraiths
  A steam dragon (D:8)
  2 vampire mosquitoes (D:12)
  2 wargs (Orc:2)
  20 orc warriors
  A sky beast (D:6)
  2 necrophages
  5 ogres
  4 centaurs
  2 kobold brigands
  2 elf zombies (Ossuary)
  2 gnoll sergeants
  A bullfrog (D:8)
  A water moccasin skeleton (D:6)
  An electric eel (D:13)
  7 howler monkeys
  8 centaur zombies
  5 human zombies
  A jelly (D:5)
  15 orc priests
  Jessica (D:3)
  2 iguanas
  11 orc wizards
  2 hound skeletons (D:4)
  3 mummies (Ossuary)
  A howler monkey zombie (D:9)
  10 gnolls
  4 adders
  2 worm zombies (D:7)
  2 adder skeletons (D:4)
  2 worms (D:2)
  7 dart slugs
  53 orcs
  6 bats
  2 endoplasms (D:2)
  A giant cockroach (D:1)
  7 goblins
  4 hobgoblins
  2 jackals (D:1)
  18 kobolds
  A quokka (D:1)
  7 ball pythons
  6 frilled lizards (D:1)
  4 rats (D:1)
279 creatures vanquished.

Vanquished Creatures (others)
  2 orc priests (Orc:1)
  An orc (Orc:2)
  A plant (D:4)
4 creatures vanquished.

Grand Total: 283 creatures vanquished

Notes
Turn   | Place    | Note
-------+----------+-------------------------------------------
     0 | D:1      | ipx the Vampire Ice Elementalist began the quest for the
                  | Orb.
     0 | D:1      | Reached XP level 1. HP: 13/13 MP: 3/3
    27 | D:1      | Found a faded altar of an unknown god.
    55 | D:1      | Reached XP level 2. HP: 19/19 MP: 3/5
   488 | D:2      | Reached skill level 5 in Ice Magic
   488 | D:2      | Gained mutation: You are afflicted with vampirism and can
                  | become a bat while bloodless. [Vampire growth]
   488 | D:2      | Reached XP level 3. HP: 24/24 MP: 2/6
   492 | D:2      | Learned a level 3 spell: Ozocubu's Armour
   498 | D:2      | Found a radiant altar of Vehumet.
   615 | D:2      | Found Libapn's Antique Weapon Shoppe.
   672 | D:3      | Found a broken altar of Ashenzari.
   672 | D:3      | Noticed Jessica
   674 | D:3      | Killed Jessica
   675 | D:3      | Reached XP level 4. HP: 30/30 MP: 3/7
   677 | D:3      | Became a worshipper of Ashenzari the Shackled
   788 | D:3      | Learned a level 3 spell: Frozen Ramparts
   873 | D:4      | Found a hazy altar of Hepliaklqana.
   931 | D:4      | Reached XP level 5. HP: 35/35 MP: 4/8
   934 | D:4      | Noticed a necrophage
   953 | D:4      | Killed a necrophage
   954 | D:4      | Reached XP level 6. HP: 28/41 MP: 1/9
  1266 | D:4      | Identified the ring of Bavul {rC+ rN+ Int+6}
  1372 | D:2      | Bought a glowing long sword for 143 gold pieces
  1429 | D:5      | Entered Level 5 of the Dungeon
  1450 | D:5      | Found a sparkling altar of Nemelex Xobeh.
  1541 | D:5      | Reached skill level 1 in Fighting
  1660 | D:6      | Found a staircase to the Ecumenical Temple.
  1817 | D:6      | Reached XP level 7. HP: 46/50 MP: 11/11
  1829 | D:6      | Reached skill level 5 in Dodging
  1906 | D:7      | Found a sand-covered staircase.
  1929 | Ossuary  | Entered an ossuary
  1947 | Ossuary  | Reached skill level 1 in Long Blades
  2012 | Ossuary  | Reached XP level 8. HP: 49/58 MP: 14/14
  2140 | D:8      | Noticed Psyche
  2191 | D:7      | Identified the cursed ring "Bound With Me" {Slay+4, Alch,
                  | Self} (You found it on level 2 of the Dungeon)
  2217 | D:8      | Killed Psyche
  2218 | D:8      | Reached skill level 5 in Long Blades
  2231 | D:8      | Reached * piety under Ashenzari
  2234 | D:8      | Learned a level 1 spell: Apportation
  2241 | D:8      | Learned a level 6 spell: Invisibility
  2241 | D:8      | Upgraded the game from 0.27-a0-1525-g1038ab4fd7 to
                  | 0.27-a0-1529-g1e82c303ef
  2272 | D:8      | Reached skill level 1 in Hexes
  2291 | D:8      | Reached skill level 4 in Hexes
  2317 | D:8      | Found Uroe's Jewellery Boutique.
  2335 | D:8      | Reached skill level 5 in Hexes
  2401 | D:8      | Reached skill level 6 in Hexes
  2401 | D:8      | Reached XP level 9. HP: 66/66 MP: 11/15
  2406 | D:8      | Reached skill level 7 in Hexes
  2409 | D:8      | Noticed a two-headed ogre
  2421 | D:8      | Killed a two-headed ogre
  2422 | D:8      | Reached skill level 10 in Hexes
  2663 | D:9      | Reached skill level 11 in Hexes
  2692 | D:9      | Reached skill level 12 in Hexes
  2909 | D:9      | Noticed Harold
  2927 | D:9      | Killed Harold
  2928 | D:9      | Reached skill level 13 in Hexes
  2928 | D:9      | Reached XP level 10. HP: 37/73 MP: 10/16
  2997 | D:10     | Entered Level 10 of the Dungeon
  3108 | D:10     | Reached skill level 5 in Stealth
  3134 | D:10     | Found a shimmering blue altar of Sif Muna.
  3257 | D:11     | Found a staircase to the Lair.
  3545 | D:12     | Noticed a boulder beetle
  3554 | D:12     | Reached ** piety under Ashenzari
  3566 | D:12     | Killed a boulder beetle
  3609 | D:12     | Reached skill level 1 in Short Blades
  3691 | D:12     | Reached XP level 11. HP: 70/78 MP: 16/18
  3763 | D:12     | Noticed Nessos
  3789 | D:12     | Killed Nessos
  3802 | D:12     | Noticed a five-headed hydra
  3814 | D:12     | Killed a five-headed hydra
  3826 | D:12     | Noticed a green ugly thing
  3850 | D:12     | Killed a cyan ugly thing
  3902 | D:13     | Noticed a deep elf pyromancer
  3904 | D:13     | Reached skill level 5 in Short Blades
  3930 | D:13     | Killed a deep elf pyromancer
  3984 | D:13     | Noticed Erolcha
  4090 | D:12     | Found a staircase to the Orcish Mines.
  4140 | Orc:1    | Entered Level 1 of the Orcish Mines
  4150 | Orc:1    | Noticed an orc knight
  4166 | Orc:1    | Reached skill level 10 in Dodging
  4200 | Orc:1    | Killed an orc knight
  4214 | Orc:1    | Noticed an orc sorcerer
  4224 | Orc:1    | Noticed an orc knight
  4235 | Orc:1    | Killed an orc knight
  4236 | Orc:1    | Reached skill level 10 in Stealth
  4240 | Orc:1    | Killed an orc sorcerer
  4413 | Orc:2    | Entered Level 2 of the Orcish Mines
  4417 | Orc:2    | Noticed an orc knight
  4418 | Orc:2    | Noticed an orc sorcerer
  4425 | Orc:2    | Noticed an orc sorcerer
  4427 | Orc:2    | Noticed a soul eater
  4443 | Orc:2    | Killed an orc sorcerer
  4444 | Orc:2    | Reached XP level 12. HP: 49/85 MP: 15/21
  4537 | Orc:2    | Noticed an orc high priest
  4558 | Orc:2    | Killed an orc high priest
  4695 | Orc:2    | Paralysed by an orc sorcerer for 3 turns
  4699 | Orc:2    | Paralysed by an orc sorcerer for 6 turns
  4704 | Orc:2    | Reached skill level 1 in Translocations
  4749 | Orc:2    | Noticed an orc warlord
  4780 | Orc:2    | Noticed an orc high priest
  4798 | Orc:2    | Killed an orc warlord
  4810 | Orc:2    | Mangled by a sun demon

Illustrated notes

Levels and vault maps discovered:
D:1:      sevenhm_arrival_forest_fort_small_6, layout_loops_cross,
          ebering_ecumenical_altar_rust, nrook_loot_triangle, minmay_lizard_pond
D:2:      layout_basic, basic_altar, serial_shops,
          nicolae_shop_temple_entry_statues_fountains, glass_columns_b,
          kennysheep_generic_room_9
D:3:      layout_basic, ashenzari_altar_1, minivault_25, uniq_jessica
D:4:      layout_loops_ring, mainiacjoe_overflow_concentric_impassable,
          nicolae_hepliaklqana_hazy_memory, kennysheep_opposing_triangles
D:5:      layout_loops_ring, lemuel_crystal_altar, minmay_crystal_room
D:6:      layout_basic, minmay_temple_entry_poolview, serial_shops, shop,
          st_stairs_12
D:7:      layout_basic, general_overflow_altar, enter_ossuary_3, serial_shops,
          shop, uniq_prince_ribbit1
D:8:      layout_loops_ring, serial_shops, nicolae_shop_window_shopping,
          uniq_psyche
D:9:      layout_basic, uniq_harold
D:10:     layout_loops_corners, lemuel_round_altar
D:11:     layout_long_grid, lair_entry_dummy
D:12:     layout_stronghold, david_orc_3, small_statue_alley_a, uniq_nessos
D:13:     erik_rubicon_a, layout_basic, uniq_frances, uniq_maurice,
          uniq_erolcha, uniq_azrael
Orc:1:    layout_caves, nicolae_orc_tapped_out
Orc:2:    grunt_orc_community_town_hall, layout_caves,
          grunt_orc_community_big_house_2, grunt_orc_community_big_house_1,
          grunt_orc_community_house_2, grunt_orc_community_house_3,
          grunt_orc_community_house_2, grunt_orc_community_house_1,
          grunt_orc_community_house_3

Skill      XL: |  1  2  3  4  5  6  7  8  9 10 11 12 |
---------------+-------------------------------------+-----
Ice Magic      | 5 6 7 |  7.0
Dodging        | 3 4 5 7 10 | 10.0
Fighting       | 1 3 |  3.5
Spellcasting   | 3 4 |  4.6
Long Blades    | 3 6 8 9 |  9.8
Hexes          | 6 13 | 13.4
Stealth        | 8 11 12 | 12.0
Short Blades   | 1 5 |  5.6
Translocations | 2 |  2.2

Action                   |  1- 3 |  4- 6 |  7- 9 | 10-12 || total
-------------------------+-------+-------+-------+-------++-------
Melee: Short sword       |    27 |    66 |       |       ||    93
       Bite              |     2 |     8 |    18 |    40 ||    68
       Long sword        |       |    23 |   157 |   178 ||   358
       Dagger            |       |       |     2 |   177 ||   179
Throw: Dart              |       |       |       |     2 ||     2
 Cast: Freeze            |    39 |    12 |     7 |     6 ||    64
       Ozocubu's Armour  |       |     6 |    14 |    20 ||    40
       Frozen Ramparts   |       |     3 |    12 |    17 ||    32
       Apportation       |       |       |     2 |       ||     2
       Invisibility      |       |       |       |    11 ||    11
Invok: Curse Item        |       |     1 |     1 |     1 ||     3
Evoke: Wand              |       |       |     7 |    11 ||    18
       Condenser vane    |       |       |       |     1 ||     1
  Use: Potion            |       |       |       |     4 ||     4
       Scroll            |       |       |       |     1 ||     1
 Stab: Sleeping          |     7 |     8 |     2 |    10 ||    27
       Distracted        |       |       |     1 |     1 ||     2
       Invisible         |       |       |       |    28 ||    28
       Confused          |       |       |       |     2 ||     2
Armor: Robe              |     8 |    22 |    53 |    67 ||   150
       Skin              |       |       |     1 |       ||     1
Dodge: Dodged            |    24 |    52 |   146 |   334 ||   556
       Rpst.: Long sword |       |     6 |    35 |    48 ||    89

Table legend: (Time is in decaauts)
 A = Elapsed time spent in this place.
 B = Non-inter-level travel time spent in this place.
 C = Inter-level travel time spent in this place.
 D = Time resting spent in this place.
 E = Time spent auto-exploring this place.
 F = Levels seen in this place.
 G = Mean time per level.
                   A        B        C        D        E       F      G
               +--------+--------+--------+--------+--------+-----+--------+
         Total |   4808 |   4696 |    112 |      0 |      0 |  16 |  300.5 |
       Dungeon |   3979 |   3879 |    100 |      0 |      0 |  13 |  306.1 |
  Orcish Mines |    630 |    618 |     12 |      0 |      0 |   2 |  315.0 |
       Ossuary |    197 |    197 |      0 |      0 |      0 |   1 |  197.0 |
               +--------+--------+--------+--------+--------+-----+--------+

Top non-repeatable levels by time:
     D:1: 531 daAuts
    D:12: 455 daAuts
     D:9: 436 daAuts
     D:8: 389 daAuts
     D:2: 384 daAuts
     D:4: 327 daAuts
   Orc:2: 318 daAuts
   Orc:1: 312 daAuts
    D:11: 301 daAuts
     D:5: 271 daAuts
     D:6: 216 daAuts
    D:10: 210 daAuts
     D:3: 204 daAuts
 Ossuary: 197 daAuts
    D:13: 132 daAuts
